 Dungeon Crawl Stone Soup version 0.26.1-2-gb8aa6d0cf2 (webtiles) character file.

Game seed: 1005207651814554002

585 Ladykiller69 the Chopper (level 7, -5/61 HPs)
             Began as a Hill Orc Gladiator on Mar 26, 2021.
             Killed from afar by an orc wizard (10 damage)
             ... with a magic dart
             ... on level 4 of the Dungeon.
             The game lasted 00:09:30 (4392 turns).

Ladykiller69 the Chopper (Hill Orc Gladiator)       Turns: 4392, Time: 00:09:30

Health: -5/61      AC:  7    Str: 19    XL:     7   Next: 37%
Magic:  7/7        EV: 13    Int:  8    God:
Gold:   128        SH:  0    Dex: 12    Spells: 6/6 levels left

rFire    + . .     SeeInvis .   a - +0 war axe
rCold    . . .     Faith    .   (no shield)
rNeg     . . .     Spirit   .   t - +2 robe {rF+}
rPois    .         Reflect  .   c - +0 helmet
rElec    .         Harm     .   (no cloak)
rCorr    .         Rampage  .   v - +0 pair of gloves
Will     .....                  f - +0 pair of boots
Stlth    +.........             (no amulet)
HPRegen  0.20/turn              (no ring)
MPRegen  0.10/turn              (no ring)

@: slowed, very slow
A: no striking features
a: no special abilities


You were on level 4 of the Dungeon.
You visited 1 branch of the dungeon, and saw 4 of its levels.

You collected 128 gold pieces.

Inventory:

Hand Weapons
 a - a +0 war axe (weapon)
Missiles
 d - 3 throwing nets (quivered)
Armour
 c - a +0 helmet (worn)
 f - a +0 pair of boots (worn)
 t - a +2 robe of fire resistance (worn)
 v - a +0 pair of gloves (worn)
Jewellery
 b - an uncursed amulet of the acrobat {unknown}
 i - an uncursed ring of positive energy {unknown}
Wands
 x - a wand of paralysis (7)
Scrolls
 g - 7 scrolls of identify {unknown}
 h - a scroll of fog {unknown}
 j - 2 scrolls of immolation {unknown}
 k - 2 scrolls of amnesia {unknown}
 l - a scroll of noise {unknown}
 n - 2 scrolls of remove curse {unknown}
 q - 4 scrolls of teleportation {unknown}
 u - a scroll of enchant armour {unknown}
 w - a scroll of magic mapping {unknown}
Potions
 e - 2 potions of curing
 m - a potion of mutation {unknown}
 o - a potion of brilliance {unknown}
 p - a potion of invisibility {unknown}
 r - a potion of flight {unknown}
 s - 3 potions of attraction {unknown}


   Skills:
 + Level 5.1 Fighting
 + Level 6.3 Axes
 + Level 3.9 Throwing
 + Level 4.0 Dodging


You had 6 spell levels left.
You didn't know any spells.
Your spell library was empty.

Dungeon Overview and Level Annotations

Branches:
Dungeon (4/15)
 Temple: D:4-7

Altars:
Makhleb


Message History

You closely miss something. The orc wizard casts a spell at you.
The magic dart hits you but does no damage.
The orc wizard closely misses you. Something hits you but does no damage.
The orc wizard hits you with a +0 dagger.
* * * LOW HITPOINT WARNING * * *
You hear some strange, mumbled words.
A puff of flame appears from out of thin air!
The puff of flame misses you.
You hit the orc wizard.
You kill the orc wizard!
You barely miss something.
An orc wizard appears from thin air!
Reactivating autopickup.
The orc wizard hits you but does no damage.
You hit the orc wizard.
The orc wizard is almost dead.
The orc wizard hits you but does no damage.
The orc wizard points at you and mumbles some strange words.
The magic dart hits you!
You die...

#.......#.##..#######
#.......#..(...######
####.####..##........
######.##...####.####..
#...........## #.# #..
#............# #.## #..
#..........#.# #..# #..
#.....)....#.# ##.###..
#.[...@)...#.# #..##..
#......o...#.#####.##<[
######..##..(..........
#..#..#.######.#..
##.#.##.### #.#..
####...##...# #.##.
##.....#####.####.##.
#....................
##########.######.####....


You could see an orc wizard.

Vanquished Creatures
  A phantom (D:4)
  2 hounds
  3 orc wizards (D:4)
  2 orc priests (D:4)
  Jessica (D:3)
  Natasha (twice) (D:3)
  4 worker ants (D:4)
  A howler monkey zombie (D:4)
  2 adders (D:2)
  4 worms
  A dart slug (D:3)
  2 leopard geckos
  7 orcs
  3 ball pythons
  5 bats
  8 giant cockroaches
  5 goblins
  6 hobgoblins
  4 jackals (D:1)
  7 frilled lizards
  10 kobolds
  10 rats
90 creatures vanquished.

Notes
Turn   | Place    | Note
-------+----------+-------------------------------------------
     0 | D:1      | Ladykiller69 the Hill Orc Gladiator began the quest for the
                  | Orb.
     0 | D:1      | Reached XP level 1. HP: 18/18 MP: 1/1
   237 | D:1      | Reached XP level 2. HP: 25/25 MP: 2/2
   586 | D:1      | Reached XP level 3. HP: 30/30 MP: 3/3
  1569 | D:2      | Reached XP level 4. HP: 31/38 MP: 4/4
  1722 | D:2      | Found a burning altar of Makhleb.
  2055 | D:3      | Noticed Jessica
  2065 | D:3      | Killed Jessica
  2066 | D:3      | Reached skill level 5 in Axes
  2066 | D:3      | Reached XP level 5. HP: 46/46 MP: 5/5
  3018 | D:3      | Noticed Natasha
  3032 | D:3      | Killed Natasha
  3359 | D:3      | Noticed Natasha
  3367 | D:3      | Killed Natasha
  3368 | D:3      | Reached XP level 6. HP: 50/52 MP: 6/6
  3966 | D:4      | Noticed a phantom
  4201 | D:4      | Killed a phantom
  4202 | D:4      | Reached skill level 6 in Axes
  4202 | D:4      | Reached XP level 7. HP: 34/60 MP: 7/7
  4209 | D:4      | Reached skill level 5 in Fighting
  4392 | D:4      | Killed from afar by an orc wizard

Illustrated notes

Levels and vault maps discovered:
D:1:      dpeg_arrival_rooms_a, layout_basic, minmay_misc_feat_plants,
          minmay_door_square
D:2:      layout_loops_cross, nicolae_overflow_hidden_temple,
          makhleb_blood_cavern_becter
D:3:      layout_loops_corners, serial_aquarium, aquarium_bridge_straight
          [aquarium_subvault_bridge, aquarium_subvault_wall,
          aquarium_subvault_bridge, aquarium_subvault_wall], aquarium_window_1,
          aquarium_window_fake, aquarium_view_2f, uniq_natasha, uniq_jessica
D:4:      layout_rooms, chequers_temple_overflow_minitemple,
          minmay_splitting_lines

Skill      XL: |  1  2  3  4  5  6  7 |
---------------+----------------------+-----
Throwing       | 2 3 |  3.9
Fighting       | 3 4 5 |  5.1
Dodging        | 3 4 |  4.0
Axes           | 5 6 |  6.3

Action                   |  1- 3 |  4- 6 |  7- 9 || total
-------------------------+-------+-------+-------++-------
Melee: War axe           |   114 |   203 |    33 ||   350
 Stab: Sleeping          |       |     1 |       ||     1
Armor: Leather armour    |    46 |    21 |       ||    67
       Robe              |       |    62 |    22 ||    84
Dodge: Dodged            |    85 |   136 |    21 ||   242
